 Dungeon Crawl Stone Soup version 0.26-a0-1126-g3318b609a0 (webtiles) character file.

Game seed: 14217072942460141140

6536 HoaS the Basher (level 11, -1/60 HPs)
             Began as a Gargoyle Fighter on Dec 17, 2020.
             Was a Believer of Makhleb.
             Killed by refrigeration
             ... invoked by Fannar
              (10 damage)
             ... on level 10 of the Dungeon.
             The game lasted 00:24:37 (7698 turns).

HoaS the Basher (Gargoyle Fighter)                  Turns: 7698, Time: 00:24:37

Health: -1/60      AC: 30    Str: 32    XL:     11   Next: 1%
Magic:  11/11      EV:  6    Int:  8    God:    Makhleb [**....]
Gold:   618        SH: 14    Dex:  9    Spells: 10/10 levels left

rFire    + . .     SeeInvis +   y - +5 flail
rCold    . . .     Faith    .   c - +1 kite shield
rNeg     + . .     Spirit   .   n - +0 plate armour
rPois    ∞         Reflect  .   a - +0 helmet
rElec    +         Harm     .   q - +4 cloak of the Hundredfold Tables {*Slow rCorr Str+8 SInv}
rCorr    +         Rampage  .   v - +0 pair of gloves
Will     .....                  (no boots)
Stlth    ..........             (no amulet)
HPRegen  0.20/turn              k - ring of protection from fire
MPRegen  0.12/turn              D - +4 ring of protection

@: no status effects
A: negative energy resistance 1, electricity resistance, unbreathing,
petrification resistance, miasma immunity, AC +8
a: Renounce Religion, Minor Destruction


You were on level 10 of the Dungeon.
You worshipped Makhleb.
Makhleb was pleased with you.
You visited 2 branches of the dungeon, and saw 11 of its levels.

You collected 618 gold pieces.

Inventory:

Hand Weapons
 m - a +0 morningstar
 y - a +5 flail (weapon)
Armour
 a - a +0 helmet (worn)
 c - a +1 kite shield (worn)
 n - a +0 plate armour (worn)
 q - the +4 cloak of the Hundredfold Tables (worn) {*Slow rCorr Str+8 SInv}
   (You found it on level 4 of the Dungeon)

   It affects your strength (+8).
   It lets you see invisible.
   It provides partial protection from all sources of acid and corrosion.
   It may slow you when you take damage.
 v - a +0 pair of gloves (worn)
Jewellery
 k - a ring of protection from fire (left hand)
 s - an uncursed ring of fire
 u - an uncursed ring of see invisible
 z - a +6 ring of dexterity
 D - a +4 ring of protection (right hand)
Wands
 d - a wand of polymorph (8)
 w - a wand of flame (50) (quivered)
 B - a wand of digging (9)
Scrolls
 j - 7 scrolls of remove curse
 l - 3 scrolls of blinking
 o - a scroll of magic mapping
 r - 2 scrolls of teleportation
 t - 2 scrolls of enchant weapon
 C - a scroll of identify
Potions
 b - a potion of cancellation
 e - 8 potions of lignification
 f - a potion of mutation
 g - 3 potions of invisibility
 h - a potion of ambrosia
 i - a potion of curing
 p - 2 potions of berserk rage
 x - 2 potions of attraction {unknown}
 A - a potion of might


   Skills:
 - Level 3.2 Fighting
 * Level 13.1 Maces & Flails
 - Level 3.2 Armour
 + Level 10.8 Shields


You had 10 spell levels left.
You didn't know any spells.
Your spell library was empty.

Dungeon Overview and Level Annotations

Branches:
Dungeon (10/15)            Temple (1/1) D:7
   Lair: D:8-11         Orc: D:9-12

Altars:
Ashenzari
Cheibriados
Dithmenos
Elyvilon
Fedhas
Gozag
Hepliaklqana
Kikubaaqudgha
Makhleb
Nemelex Xobeh
Okawaru
Qazlal
Ru
Sif Muna
Trog
Uskayaw
Vehumet
Wu Jian
Xom
Yredelemnul
Zin
The Shining One

Shops:
D:5 ?   D:6 [

Annotations:
D:8 2 transporters
D:10 Fannar


Innate Abilities, Weirdness & Mutations

You are resistant to torment.
Your stone body is resilient. (AC +8)
You are immune to poison.
You resist negative energy. (rN+)
You are resistant to electric shocks. (rElec)
You can survive without breathing.
You are immune to petrification.
You are immune to miasma.


Message History

You completely miss Fannar.
Fannar is almost dead.
The ice beast hits you but does no damage.
You block the ice beast's attack. Fannar hits you but does no damage.
The ice beast hits you but does no damage.
You miss Fannar.
Fannar is almost dead.
The ice beast barely misses you. You block the ice beast's attack.
You barely miss Fannar.
Fannar is almost dead.
Fannar hits you but does no damage. You block the ice beast's attack.
The ice beast hits you but does no damage.
You barely miss Fannar.
Fannar is almost dead.
The ice beast hits you but does no damage.
You block the ice beast's attack.
Fannar gestures wildly while chanting.
Fannar drains the heat from the surrounding environment!
You feel very cold.
You die...

#.# #.# #.# #.# #.#
##'## #.# ##...## #<#
##.....## ######.###
##.......#
#........###.........
#.##.......[.........
#@Y...###.........
#..eYY.#.# ##.......#
####.###.# ##.....##
#.. ..# ##...## ..#
### ##'## #.## #.# .
######.# #. .....#.##
#....##


You could see Fannar (icy armour) and 3 ice beasts.

Vanquished Creatures
  Pikel (D:8)
  Psyche (D:7)
  Joseph (D:8)
  A troll (D:10)
  The ghost of heike the Magician, an amateur DEWz (D:3)
  A vampire (D:9)
  10 yaks (D:9)
  2 orc warriors (D:8)
  An ice beast (D:7)
  2 sky beasts
  2 black bears
  4 ogres
  A phantom (D:6)
  An eye of draining (D:8)
  A big kobold (D:10)
  5 bullfrogs
  A wyvern zombie (D:9)
  A gnoll sergeant (D:7)
  4 scorpions
  3 killer bees (D:10)
  16 wights
  A howler monkey (D:9)
  2 electric eels (D:10)
  A hound (D:8)
  4 orc priests
  A jelly (D:10)
  2 iguanas
  Natasha (thrice) (D:3)
  An orc wizard (D:6)
  4 worker ants
  A centaur simulacrum (D:3)
  A hound zombie (D:6)
  A worker ant zombie (D:7)
  4 gnolls (D:7)
  11 adders
  3 shadow imps
  A white imp (D:5)
  A worker ant simulacrum (D:3)
  3 ufetubi
  An ooze (D:4)
  An adder zombie (D:5)
  An adder skeleton (D:4)
  5 worms
  3 dart slugs
  An adder simulacrum (D:3)
  5 leopard geckos
  15 orcs
  8 bats
  7 giant cockroaches
  8 goblins
  12 hobgoblins
  6 jackals
  7 quokkas
  2 ball pythons
  3 frilled lizards (D:1)
  A jackal skeleton (D:8)
  9 kobolds
  A leopard gecko simulacrum (D:3)
  A leopard gecko skeleton (D:4)
  A quokka skeleton (D:7)
  6 rats
209 creatures vanquished.

Vanquished Creatures (collateral kills)
  A scorpion (D:5)
1 creature vanquished.

Vanquished Creatures (others)
  11 plants (D:10)
11 creatures vanquished.

Grand Total: 221 creatures vanquished

Notes
Turn   | Place    | Note
-------+----------+-------------------------------------------
     0 | D:1      | HoaS the Gargoyle Fighter began the quest for the Orb.
     0 | D:1      | Reached XP level 1. HP: 14/14 MP: 1/1
    41 | D:1      | Reached XP level 2. HP: 10/19 MP: 2/2
   472 | D:1      | Reached skill level 3 in Maces & Flails
   497 | D:1      | Reached XP level 3. HP: 22/23 MP: 3/3
   714 | D:2      | Reached XP level 4. HP: 20/28 MP: 4/4
   926 | D:2      | Reached skill level 4 in Maces & Flails
  1214 | D:3      | Reached XP level 5. HP: 5/32 MP: 5/5
  1662 | D:3      | Found a runed translucent gate.
  1662 | D:3      | Found a runed translucent gate.
  1662 | D:3      | Found a runed translucent gate.
  1686 | D:3      | Noticed Natasha
  1695 | D:3      | Killed Natasha
  1838 | D:3      | Noticed heike's ghost (amateur DEWz)
  1958 | D:3      | Noticed Natasha
  1965 | D:3      | Killed Natasha
  2033 | D:3      | Noticed Natasha
  2038 | D:3      | Killed Natasha
  2248 | D:4      | Reached skill level 5 in Maces & Flails
  2275 | D:4      | Reached XP level 6. HP: 37/37 MP: 6/6
  2351 | D:4      | Got an ancient cloak
  2360 | D:4      | Reached skill level 5 in Shields
  2363 | D:4      | Identified the +4 cloak of the Hundredfold Tables {*Slow
                  | rCorr Str+8 SInv} (You found it on level 4 of the Dungeon)
  2847 | D:4      | Found a shadowy altar of Dithmenos.
  3354 | D:3      | Killed heike's ghost
  3355 | D:3      | Reached skill level 6 in Maces & Flails
  3355 | D:3      | Reached XP level 7. HP: 25/41 MP: 7/7
  3415 | D:5      | Entered Level 5 of the Dungeon
  3712 | D:5      | Reached skill level 7 in Maces & Flails
  3725 | D:5      | Found Beoxi's Magic Scroll Shop.
  4054 | D:6      | Reached XP level 8. HP: 46/46 MP: 8/8
  4140 | D:6      | Reached skill level 8 in Maces & Flails
  4261 | D:6      | Found Piusmakh's Armour Boutique.
  4771 | D:6      | Reached skill level 9 in Maces & Flails
  5102 | D:7      | Found a staircase to the Ecumenical Temple.
  5124 | Temple   | Entered the Ecumenical Temple
  5277 | Temple   | Became a worshipper of Makhleb the Destroyer
  5414 | D:7      | Reached XP level 9. HP: 51/51 MP: 9/9
  5490 | D:7      | Found a shimmering blue altar of Sif Muna.
  5671 | D:7      | Found a bloodstained altar of Trog.
  5672 | D:7      | Found an iron altar of Okawaru.
  5729 | D:7      | Reached * piety under Makhleb
  5808 | D:8      | Found a transporter.
  5864 | D:8      | Noticed Joseph
  5865 | D:8      | Found a transporter.
  5879 | D:8      | Killed Joseph
  5880 | D:8      | Reached skill level 10 in Maces & Flails
  5965 | D:8      | Found an ornate altar of the Wu Jian Council.
  5994 | D:8      | Noticed Psyche
  6187 | D:7      | Killed Psyche
  6223 | D:8      | Noticed Pikel
  6232 | D:8      | Killed Pikel
  6233 | D:8      | Reached skill level 11 in Maces & Flails
  6233 | D:8      | Reached XP level 10. HP: 55/56 MP: 10/10
  6307 | D:8      | Found a hazy altar of Hepliaklqana.
  6793 | D:8      | Reached skill level 12 in Maces & Flails
  7123 | D:9      | Reached skill level 10 in Shields
  7149 | D:9      | Reached ** piety under Makhleb
  7310 | D:10     | Entered Level 10 of the Dungeon
  7341 | D:10     | Reached skill level 13 in Maces & Flails
  7382 | D:10     | Reached XP level 11. HP: 37/60 MP: 11/11
  7667 | D:10     | Noticed Fannar
  7698 | D:10     | Killed from afar by Fannar

Illustrated notes

Levels and vault maps discovered:
D:1:      minmay_arrival_wavy_path, layout_rooms,
          wander_ebering_terrifying_dragon_lair
D:2:      layout_basic
D:3:      layout_loops_ring, gammafunk_ghost_icy, uniq_natasha
D:4:      layout_loops_corners, kennysheep_mini, minivault_26
D:5:      layout_loops_ring, serial_shops, shop_statue, minmay_chambers_of_fives
D:6:      lemuel_ice_spiral_2, layout_basic, serial_shops, nicolae_shop_trees
D:7:      layout_basic, kennysheep_mini_moat, grunt_temple_overflow_bloody_war,
          minmay_temple_entry_junction_2
D:8:      gammafunk_steamed_eel, layout_cave_pools, lemuel_crystal_altar,
          general_overflow_altar, uniq_pikel, uniq_psyche, uniq_joseph
D:9:      layout_basic
D:10:     layout_loops_corners, special_room [special_room_bee],
          chequers_big_river, uniq_fannar
Temple:   regret_index_temple_sphere_string

Skill      XL: |  1  2  3  4  5  6  7  8  9 10 |
---------------+-------------------------------+-----
Maces & Flails | 3 4 5 6 7 9 11 13 | 13.1
Shields        | 4 5 6 7 9 10 | 10.8
Fighting       | |  3.2
Armour         | |  3.2

Action                   |  1- 3 |  4- 6 |  7- 9 | 10-12 || total
-------------------------+-------+-------+-------+-------++-------
Melee: Flail             |   139 |   255 |   261 |   272 ||   927
       Unarmed           |       |       |     5 |       ||     5
  Use: Scroll            |     2 |    12 |     9 |     3 ||    26
       Potion            |       |       |     3 |       ||     3
Armor: Scale mail        |   103 |    61 |       |       ||   164
       Plate armour      |       |    56 |   125 |   134 ||   315
       Skin              |       |       |     1 |       ||     1
Dodge: Dodged            |    56 |    50 |    46 |    50 ||   202
Block: Kite shield       |    89 |   127 |   152 |   180 ||   548

Table legend: (Time is in decaauts)
 A = Elapsed time spent in this place.
 B = Non-inter-level travel time spent in this place.
 C = Inter-level travel time spent in this place.
 D = Time resting spent in this place.
 E = Time spent auto-exploring this place.
 F = Levels seen in this place.
 G = Mean time per level.
                   A        B        C        D        E       F      G
               +--------+--------+--------+--------+--------+-----+--------+
         Total |   7741 |   7379 |    362 |   1501 |   4052 |  11 |  703.7 |
       Dungeon |   7574 |   7243 |    331 |   1501 |   3919 |  10 |  757.4 |
        Temple |    166 |    135 |     31 |      0 |    133 |   1 |  166.0 |
               +--------+--------+--------+--------+--------+-----+--------+

Top non-repeatable levels by time:
     D:3: 1224 daAuts
     D:4: 1095 daAuts
     D:6: 1082 daAuts
     D:8: 819 daAuts
     D:7: 786 daAuts
     D:2: 657 daAuts
     D:1: 545 daAuts
     D:5: 529 daAuts
     D:9: 462 daAuts
    D:10: 371 daAuts
  Temple: 166 daAuts
